 Dungeon Crawl Stone Soup version 0.26-a0-976-gd3b5134375 (webtiles) character file.

Game seed: 3627088868276467229

395 Gildeon the Skirmisher (level 6, -3/43 HPs)
             Began as an Octopode Fighter on Dec 5, 2020.
             Slain by an ogre
             ... wielding a +0 giant club
              (29 damage)
             ... on level 6 of the Dungeon.
             The game lasted 00:08:31 (3222 turns).

Gildeon the Skirmisher (Octopode Fighter)           Turns: 3222, Time: 00:08:31

Health: -3/43      AC:  1    Str: 16    XL:     6   Next: 82%
Magic:  6/6        EV: 13    Int: 10    God:
Gold:   188        SH:  9    Dex: 13    Spells: 5/5 levels left

rFire    . . .     SeeInvis .   a - +0 trident
rCold    . . .     Faith    .   b - +0 kite shield
rNeg     . . .     Spirit   .   (helmet restricted)
rPois    .         Reflect  .   (no amulet)
rElec    .         Harm     .   (no ring)
rCorr    .         Rampage  .   (no ring)
MR       .....                  (no ring)
Stlth    +++.......             (no ring)
HPRegen  0.14/turn              (no ring)
MPRegen  0.10/turn              (no ring)
                                (no ring)
                                (no ring)

@: no status effects
A: almost no armour, stealthy swim, amphibious, 8 rings, constrict 8, camouflage
1, gelatinous body 1
a: no special abilities


You were on level 6 of the Dungeon.
You visited 1 branch of the dungeon, and saw 4 of its levels.

You collected 188 gold pieces.

Inventory:

Hand Weapons
 a - a +0 trident (weapon)
Armour
 b - a +0 kite shield (worn)
Jewellery
 n - an uncursed ring of protection from fire {unknown}
Wands
 p - a wand of disintegration (8)
Scrolls
 d - 2 scrolls of amnesia {unknown}
 f - 5 scrolls of remove curse {unknown}
 h - 4 scrolls of teleportation
 i - 2 scrolls of enchant armour {unknown}
 l - a scroll of noise {unknown}
 m - 2 scrolls of blinking {unknown}
 o - a scroll of identify {unknown}
 q - a scroll of fog {unknown}
Potions
 c - a potion of might
 e - a potion of heal wounds {unknown}
 g - 4 potions of curing {unknown}
 j - a potion of magic {unknown}
 k - a potion of brilliance {unknown}


   Skills:
 + Level 4.2 Fighting
 + Level 3.5 Polearms
 + Level 4.2 Dodging
 + Level 3.9 Stealth
 + Level 4.2 Shields


You had 5 spell levels left.
You didn't know any spells.
Your spell library was empty.

Dungeon Overview and Level Annotations

Branches:
Dungeon (6/15)
 Temple: D:4-7

Altars:
Nemelex Xobeh
Ru
The Shining One

Annotations:
D:3 exclusions: 2 orcs and orc priest


Innate Abilities, Weirdness & Mutations

You cannot wear most types of armour.
You are very stealthy in the water. (Stealth+)
You are amphibious.
You can wear up to eight rings at the same time.
You can use your tentacles to constrict eight enemies at once.
Your skin changes colour to match your surroundings (Stealth+).
Your rubbery body absorbs attacks. (AC +1, EV +1)


Message History

You puncture the necrophage! You grab the necrophage.
The necrophage is heavily damaged.
You constrict the necrophage. You block the necrophage's attack. x2
You hit the necrophage. You squeeze the necrophage!
You destroy the necrophage!
p - a wand of disintegration (8)
You feel a little less mighty now.
q - a scroll labelled WOLEXA ONIH
There is an open gate here.
An ogre comes into view. It is wielding a +0 giant club.
Found a sparkling altar of Nemelex Xobeh.
You catch the helpless ogre completely off-guard!
You puncture the ogre!
The ogre is moderately wounded.
The ogre hits you with a +0 giant club!
You barely miss the ogre.
The ogre is moderately wounded.
The ogre hits you with a +0 giant club!!
Ouch! That really hurt!
You die...

##############
#............#
#######'''########.#
#######...########.#
##§§§##...##§○§###.#
#☼°§§○#.#.#§°§§§##.#
#☼☼§☼☼#..O#°°§☼☼##.#
#○§§§§#.@.#§○§☼☼##.#
##°°§##...##§○☼###.#
#######...########.#####
#......._.......##.....##
#######...###### #####...
#○§°°§#...###○## #####.#.
#.°§§§#...##§§§# #..##...
○○°☼§#...#§§§°§ ##.###..
#......


You could see an ogre.

Vanquished Creatures
  A necrophage (D:6)
  An ogre (D:3)
  Jessica (D:2)
  Terence (D:3)
  An iguana (D:2)
  A worker ant (D:6)
  6 adders
  4 dart slugs
  3 leopard geckos
  5 bats
  A giant cockroach (D:1)
  5 goblins
  8 hobgoblins
  7 jackals
  7 kobolds
  A quokka (D:3)
  3 frilled lizards
  A rat (D:1)
57 creatures vanquished.

Notes
Turn   | Place    | Note
-------+----------+-------------------------------------------
     0 | D:1      | Gildeon the Octopode Fighter began the quest for the Orb.
     0 | D:1      | Reached XP level 1. HP: 16/16 MP: 1/1
   144 | D:1      | Reached XP level 2. HP: 21/21 MP: 2/2
   180 | D:1      | Reached skill level 1 in Stealth
   457 | D:1      | Found a glowing golden altar of the Shining One.
   524 | D:1      | Reached XP level 3. HP: 26/26 MP: 3/3
   746 | D:2      | Found a sacrificial altar of Ru.
  1213 | D:2      | Noticed Jessica
  1222 | D:2      | Killed Jessica
  1223 | D:2      | Reached XP level 4. HP: 21/31 MP: 4/4
  1839 | D:2      | Reached XP level 5. HP: 22/36 MP: 5/5
  2145 | D:3      | Noticed an ogre
  2240 | D:3      | Killed an ogre
  2241 | D:3      | Reached XP level 6. HP: 18/43 MP: 6/6
  2486 | D:3      | Noticed Terence
  2496 | D:3      | Killed Terence
  2969 | D:3      | You fall into a shaft and drop 3 floors!
  3120 | D:6      | Noticed a necrophage
  3128 | D:6      | Killed a necrophage
  3216 | D:6      | Found a sparkling altar of Nemelex Xobeh.
  3222 | D:6      | Slain by an ogre

Illustrated notes

Levels and vault maps discovered:
D:1:      matt_arrival_spirals, layout_basic, tso_altar
D:2:      layout_basic, nicolae_ru_sacrificial_ziggurat, uniq_jessica
D:3:      layout_loops_ring, nrook_mini_vaults, kennysheep_generic_room_12,
          uniq_terence
D:6:      layout_rooms, nemelex_altar_shiori, nicolae_ashenzari_panopticon,
          uniq_menkaure

Skill      XL: |  1  2  3  4  5  6 |
---------------+-------------------+-----
Stealth        | 1 2 3 |  3.9
Polearms       | 3 |  3.5
Fighting       | 4 |  4.2
Shields        | 4 |  4.2
Dodging        | 4 |  4.2

Action                   |  1- 3 |  4- 6 || total
-------------------------+-------+-------++-------
Melee: Trident           |    51 |    77 ||   128
       Tentacles         |     8 |    11 ||    19
       Constrict         |    13 |    20 ||    33
  Use: Scroll            |       |     1 ||     1
       Potion            |       |     1 ||     1
 Stab: Sleeping          |     6 |     8 ||    14
       Distracted        |       |     2 ||     2
Armor: Skin              |     5 |     6 ||    11
Dodge: Dodged            |    14 |    26 ||    40
Block: Kite shield       |    20 |    32 ||    52

Table legend: (Time is in decaauts)
 A = Elapsed time spent in this place.
 B = Non-inter-level travel time spent in this place.
 C = Inter-level travel time spent in this place.
 D = Time resting spent in this place.
 E = Time spent auto-exploring this place.
 F = Levels seen in this place.
 G = Mean time per level.
                   A        B        C        D        E       F      G
               +--------+--------+--------+--------+--------+-----+--------+
         Total |   3259 |   3211 |     48 |    429 |   2239 |   4 |  814.8 |
       Dungeon |   3259 |   3211 |     48 |    429 |   2239 |   4 |  814.8 |
               +--------+--------+--------+--------+--------+-----+--------+

Top non-repeatable levels by time:
     D:2: 1320 daAuts
     D:3: 932 daAuts
     D:1: 752 daAuts
     D:6: 254 daAuts
